 Dungeon Crawl Stone Soup version 0.26-a0-27-g1f0226971c (webtiles) character file.

Game seed: 7589931213351609504, levelgen mode: deterministic

4541 Esekla the Slicer (level 10, 0/65 HPs)
             Began as an Octopode Warper on May 27, 2020.
             Was an Initiate of Gozag.
             Slain by a warg (7 damage)
             ... on level 10 of the Dungeon.
             The game lasted 00:51:12 (10630 turns).

Esekla the Slicer (Octopode Warper)                Turns: 10630, Time: 00:51:13

Health: 0/65       AC:  5    Str: 10    XL:     10   Next: 40%
Magic:  15/15      EV: 16    Int: 18    God:    Gozag
Gold:   175        SH:  4    Dex: 13    Spells: 1/16 levels left

rFire    . . .     SeeInvis .   I - +6 quick blade
rCold    . . .     Gourm    .   (no shield)
rNeg     . . .     Faith    .   (helmet restricted)
rPois    .         Spirit   .   (no amulet)
rElec    .         Reflect  .   r - ring of wizardry
rCorr    .         Harm     .   G - ring of flight
MR       .....     Rnd*Rage +   (no ring)
Stlth    ++++......             (no ring)
HPRegen  0.20/turn              (no ring)
MPRegen  0.14/turn              (no ring)
                                (no ring)
                                (no ring)

@: gold aura, berserk cooldown, slowed, very slow
A: almost no armour, stealthy swim, amphibious, 8 rings, constrict 8, icy blue
scales 1, large bone plates 1, slimy green scales 1, camouflage 1, berserk 1,
gelatinous body 1
a: Potion Petition, Call Merchant, Bribe Branch, Renounce Religion, Evoke Flight


You were on level 10 of the Dungeon.
You worshipped Gozag.
Gozag was aware of your devotion.
You were hungry.

You visited 2 branches of the dungeon, and saw 11 of its levels.

You collected 976 gold pieces.
You paid 801 gold pieces to Gozag.

Inventory:

Hand Weapons
 a - a +0 falchion
 u - the +6 dagger "Orrocl Bopp" {venom, Str+3}
   (You found it on level 4 of the Dungeon)

   It poisons the flesh of those it strikes.
   It affects your strength (+3).
 x - a +1 vorpal spear
 H - a +4 short sword of holy wrath
 I - a +6 quick blade (weapon)
Missiles
 d - 5 boomerangs of dispersal
 o - 9 javelins
 y - 5 silver boomerangs
 z - 17 boomerangs
 A - 39 poisoned darts (quivered)
Jewellery
 r - a ring of wizardry (left tentacle)
 B - an uncursed amulet of faith
 G - a ring of flight (right tentacle)
Wands
 t - a wand of flame (39)
 v - a wand of paralysis (11)
 E - a wand of clouds (5)
Scrolls
 b - 2 scrolls of remove curse
 c - 2 scrolls of blinking
 e - 4 scrolls of teleportation
 g - a scroll of identify
 i - a scroll of immolation
 m - 3 scrolls of fear
Potions
 h - a potion of mutation
 j - 3 potions of curing
 k - a potion of flight
 l - 2 potions of haste
 n - 2 potions of degeneration {unknown}
 p - a potion of berserk rage {unknown}
 q - 3 potions of brilliance
 w - a potion of stabbing
 C - a potion of might
 J - 2 potions of lignification {unknown}
Comestibles
 f - 13 rations


   Skills:
 + Level 4.7 Fighting
 * Level 9.4(9.8) Short Blades
 + Level 3.8(7.2) Long Blades
 - Level 1.0 Throwing
 + Level 5.6 Dodging
 - Level 5.0 Stealth
 + Level 3.6 Spellcasting
 * Level 1.0 Conjurations
 + Level 5.7 Charms
 + Level 4.4 Translocations
 * Level 0.6 Air Magic


You had one spell level left.
You knew the following spells:

 Your Spells              Type           Power        Failure   Level  Hunger
a - Airstrike             Air            #.........   41%         4    ####...
b - Blink                 Tloc           N/A          1%          2    ##.....
g - Shroud of Golubria    Chrm/Tloc      ###...       1%          2    ##.....
l - Lightning Bolt        Conj/Air       #.........   71%         5    ######.
r - Swiftness             Chrm/Air       ##......     2%          2    ##.....

Your spell library contained the following spells:

 Spells                   Type           Power        Failure   Level  Hunger
 Shock                    Conj/Air       #...         4%          1    None
 Gell's Gravitas          Tloc           ###.......   3%          3    ###....
 Lesser Beckoning         Tloc           ###.......   3%          3    ###....
 Teleport Other           Tloc           ###.....     3%          3    ###....
 Passage of Golubria      Tloc           N/A          10%         4    ####...
 Static Discharge         Conj/Air       #.......     13%         3    ###....


Dungeon Overview and Level Annotations

Branches:
Dungeon (10/15)            Temple (1/1) D:7            Lair (0/6) D:10
    Orc: D:9-12

Altars:
Ashenzari
Dithmenos
Elyvilon
Fedhas
Gozag
Kikubaaqudgha
Nemelex Xobeh
Okawaru
Qazlal
Ru
Sif Muna
Uskayaw
Vehumet
Xom
Zin
The Shining One

Shops:
D:5 (   D:9 [

Annotations:
D:5 1 runed translucent door, UristMcRaven's ghost, novice DECj


Innate Abilities, Weirdness & Mutations

You cannot wear most types of armour.
You are very stealthy in the water. (Stealth+)
You are amphibious.
You can wear up to eight rings at the same time.
You can use your tentacles to constrict eight enemies at once.
Your skin changes colour to match your surroundings (Stealth+).
Your rubbery body absorbs attacks. (AC +1, EV +1)
You are partially covered in icy blue scales. (AC +2)
You are partially covered in large bone plates. (SH +4)
You are partially covered in slimy green scales. (AC +2)
You tend to lose your temper in combat.


Message History

Beogh smites you!
The orc wizard shouts!
The orc wizard is no longer distracted by gold.
The orc priest mumbles some strange prayers to Beogh against you.
Beogh smites you!
The warg stops to sniff the ground.
The warg closely misses you.
The orc becomes distracted by the nearby gold, dreaming of imaginary riches.
The warg bites you.
* * * LOW HITPOINT WARNING * * *
The orc wizard mumbles some strange words.
The orc wizard flickers and vanishes!
Deactivating autopickup; reactivate with Ctrl-A.
The orc is no longer distracted by gold.
The warg bites you!
* * * LOW HITPOINT WARNING * * *
There is an escape hatch in the floor here.
You block the warg's attack. The warg bites you!
You die...
Your body crumbles into a pile of gold.

## ##.# # #.# .#
#$#######.#
#.o#......#
##o#......#
#........#
##.......#
#.h.....#
###@.....#
#.....##.#
#.....##.#
#.....##.#
###..###.#
##.###.# #..##.#
##.##.##########
#..#..........##


You could see a warg, an orc priest and an orc.

Vanquished Creatures
  A troll (D:9)
  A hornet (D:9)
  A shadow (D:9)
  A wraith (D:10)
  Grum (D:8)
  2 wargs (D:10)
  An ice beast (D:6)
  3 orc warriors
  A phantom (D:6)
  2 sky beasts
  A black bear (D:7)
  An eye of draining (D:8)
  A wolf (D:8)
  3 ogres
  6 centaurs
  A crocodile (D:9)
  A big kobold (D:9)
  3 bullfrogs
  A gnoll sergeant (D:8)
  2 scorpions
  A bullfrog zombie (D:7)
  3 howler monkeys
  4 crimson imps
  4 hounds
  5 jellies
  A quasit (D:8)
  A bullfrog skeleton (D:5)
  4 orc priests
  2 orc wizards
  Crazy Yiuf (D:2)
  An iguana (D:5)
  6 worker ants
  A hound skeleton (D:6)
  A worker ant zombie (D:8)
  Robin (D:2)
  7 adders
  7 gnolls
  3 shadow imps
  5 oozes (D:8)
  An adder zombie (D:5)
  An adder skeleton (D:4)
  2 worms
  3 dart slugs
  7 leopard geckos
  36 orcs
  6 giant cockroaches
  13 goblins
  9 hobgoblins
  5 jackals
  6 kobolds
  4 quokkas
  A ball python (D:7)
  5 bats
  4 frilled lizards
  A leopard gecko skeleton (D:4)
  A quokka skeleton (D:7)
  A quokka zombie (D:5)
  4 rats
202 creatures vanquished.

Notes
Turn   | Place    | Note
-------+----------+-------------------------------------------
     0 | D:1      | Esekla the Octopode Warper began the quest for the Orb.
     0 | D:1      | Reached XP level 1. HP: 14/14 MP: 3/3
   121 | D:1      | Reached XP level 2. HP: 5/19 MP: 5/5
   128 | D:1      | Learned a level 2 spell: Shroud of Golubria
   131 | D:1      | Learned a level 2 spell: Blink
   659 | D:1      | Reached XP level 3. HP: 24/24 MP: 6/6
   700 | D:1      | Reached skill level 1 in Stealth
  1418 | D:2      | Reached XP level 4. HP: 23/29 MP: 7/7
  1470 | D:2      | Noticed Robin
  1507 | D:2      | Killed Robin
  1511 | D:2      | Reached skill level 1 in Charms
  1847 | D:2      | Found a runed translucent door.
  1848 | D:2      | Noticed Crazy Yiuf
  1855 | D:2      | Killed Crazy Yiuf
  2235 | D:2      | Reached XP level 5. HP: 33/34 MP: 8/8
  2705 | D:3      | Found a faded altar of an unknown god.
  3189 | D:3      | Paralysed by fainting for 11 turns
  3205 | D:3      | Became a worshipper of Elyvilon the Healer
  3205 | D:3      | Reached * piety under Elyvilon
  3336 | D:4      | Got a translucent dagger
  3337 | D:4      | Identified the +6 dagger "Orrocl Bopp" {venom, Str+3} (You
                  | found it on level 4 of the Dungeon)
  3453 | D:4      | Reached ** piety under Elyvilon
  3664 | D:4      | Found a shattered altar of Ashenzari.
  4134 | D:5      | Entered Level 5 of the Dungeon
  4181 | D:5      | Reached XP level 6. HP: 37/39 MP: 6/9
  4191 | D:5      | Reached skill level 1 in Short Blades
  4450 | D:5      | Found Sagin Usai's Weapon Shop.
  4514 | D:5      | Found a runed translucent door.
  4516 | D:5      | Noticed UristMcRaven's ghost (novice DECj)
  4646 | D:5      | Reached *** piety under Elyvilon
  4660 | D:5      | Reached skill level 2 in Short Blades
  4660 | D:5      | Reached XP level 7. HP: 44/45 MP: 10/10
  5398 | D:6      | Reached skill level 3 in Short Blades
  5469 | D:6      | Reached skill level 5 in Stealth
  5584 | D:6      | Elyvilon protects you from harm!
  5943 | D:6      | Reached skill level 4 in Short Blades
  5943 | D:6      | Reached XP level 8. HP: 51/51 MP: 11/11
  6410 | D:6      | Reached **** piety under Elyvilon
  6412 | D:6      | Reached skill level 5 in Short Blades
  7066 | D:7      | Reached skill level 6 in Short Blades
  7161 | D:7      | Found a staircase to the Ecumenical Temple.
  7172 | Temple   | Entered the Ecumenical Temple
  7215 | Temple   | Fell from the grace of Elyvilon
  7215 | Temple   | Became a worshipper of Gozag Ym Sagoz the Greedy
  7397 | D:7      | Reached XP level 9. HP: 38/56 MP: 13/13
  7803 | D:7      | Reached skill level 7 in Short Blades
  8865 | D:8      | Gained mutation: You tend to lose your temper in combat.
                  | [potion of mutation]
  8865 | D:8      | Gained mutation: You are partially covered in large bone
                  | plates. (SH +4) [potion of mutation]
  8865 | D:8      | Gained mutation: You are partially covered in slimy green
                  | scales. (AC +2) [potion of mutation]
  8865 | D:8      | Gained mutation: You are partially covered in icy blue
                  | scales. (AC +2) [potion of mutation]
  8930 | D:8      | Reached skill level 5 in Charms
  8995 | D:8      | Noticed Grum
  9002 | D:8      | Reached skill level 8 in Short Blades
  9012 | D:8      | Reached skill level 5 in Dodging
  9019 | D:8      | Killed Grum
  9347 | D:9      | Reached XP level 10. HP: 36/64 MP: 15/15
  9674 | D:9      | Reached skill level 9 in Short Blades
  9885 | D:9      | Found a white marble altar of Elyvilon.
 10151 | D:9      | Learned a level 2 spell: Swiftness
 10156 | D:9      | Learned a level 4 spell: Airstrike
 10162 | D:9      | Learned a level 5 spell: Lightning Bolt
 10272 | D:10     | Entered Level 10 of the Dungeon
 10568 | D:10     | Found a staircase to the Lair.
 10616 | D:10     | Reached skill level 1 in Conjurations
 10630 | D:10     | Slain by a warg

Illustrated notes

Levels and vault maps discovered:
D:1:      minmay_arrival_shattered_statue, layout_basic, serial_bayou_lake_a
D:2:      layout_basic, first_ration, uniq_crazy_yiuf_cottage, uniq_robin
D:3:      layout_basic, chequers_ecumenical_altar_island, serial_bayou_ford_a
D:4:      layout_basic, ashenzari_altar_1
D:5:      layout_basic, serial_shops, shop, ebering_ghost_inner_flame
D:6:      layout_basic
D:7:      layout_layer_cave, minmay_temple_entry_waves
D:8:      layout_basic, hangedman_little_slice_of_home, roderic_serpentine_path,
          uniq_grum
D:9:      layout_loops_cross, elyvilon_altar_5, minmay_misc_feat_roman
D:10:     layout_basic, erik_lair_orcish_takeover, minmay_orc_keep
Temple:   regret_index_temple_sigil_plot

Skill      XL: |  1  2  3  4  5  6  7  8  9 10 |
---------------+-------------------------------+-----
Stealth        | 1 3 4 5 |  5.0
Dodging        | 3 4 5 |  5.6
Charms         | 1 2 3 4 5 |  5.7
Long Blades    | 3 |  3.8
Short Blades   | 2 4 6 8 9 |  9.4
Translocations | 4 |  4.4
Fighting       | 3 4 |  4.7
Spellcasting   | 3 |  3.6
Conjurations   | 1 |  1.0
Throwing       | |  1.0
Air Magic      | |  0.6

Action                   |  1- 3 |  4- 6 |  7- 9 | 10-12 || total
-------------------------+-------+-------+-------+-------++-------
Melee: Falchion          |    64 |    55 |       |       ||   119
       Constrict         |    20 |    34 |    49 |     8 ||   111
       Tentacles         |     8 |    21 |    47 |    12 ||    88
       Dagger            |       |    60 |   229 |    73 ||   362
       Quick blade       |       |       |       |    25 ||    25
Throw: Javelin           |       |     2 |       |       ||     2
       Dart              |       |       |    11 |     4 ||    15
 Cast: Shroud of Golubri |     2 |    10 |     6 |     3 ||    21
       Blink             |       |       |     1 |       ||     1
Invok: Call Merchant     |       |       |       |     1 ||     1
  Use: Scroll            |       |       |     8 |     7 ||    15
       Potion            |       |       |     1 |       ||     1
 Stab: Sleeping          |     5 |     7 |    17 |     5 ||    34
       Distracted        |       |       |     2 |     2 ||     4
  Eat: Chunk             |     1 |     8 |     5 |       ||    14
       Ration            |       |     1 |     3 |     1 ||     5
Armor: Skin              |     1 |     4 |     6 |     6 ||    17
Dodge: Dodged            |    37 |    61 |   115 |    31 ||   244
Block: Other             |       |       |     3 |     9 ||    12
       Rpst.: Falchion   |    13 |     7 |       |       ||    20

Table legend:
 A = Non-vault XP
 B = Vault XP
 C = Vault XP percentage of total XP
 D = Non-vault monster count
 E = Vault monster count
 F = Vault count percentage of total count
                 A         B        C        D         E       F
            +---------+---------+-------+---------+---------+-------
      Total |    5597 |     891 |  13.7 |     175 |      27 |  13.4
            +---------+---------+-------+---------+---------+-------
        D:1 |      40 |       0 |   0.0 |      21 |       0 |   0.0
        D:2 |      48 |      79 |  62.2 |      13 |      14 |  51.9
        D:3 |      12 |       0 |   0.0 |       5 |       0 |   0.0
        D:4 |     108 |       0 |   0.0 |      14 |       0 |   0.0
        D:5 |     478 |       0 |   0.0 |      22 |       0 |   0.0
        D:6 |    1126 |       0 |   0.0 |      21 |       0 |   0.0
        D:7 |    1017 |       0 |   0.0 |      29 |       0 |   0.0
        D:8 |     914 |     471 |  34.0 |      18 |      10 |  35.7
        D:9 |    1554 |       0 |   0.0 |      25 |       0 |   0.0
       D:10 |     300 |     341 |  53.2 |       7 |       3 |  30.0
            +---------+---------+-------+---------+---------+-------
